[Event "27th 4NCL Congress Open 2022"]
[Site "Harrogate"]
[Date "2022.01.22"]
[Round "3.22"]
[White "De Sousa Muachikape, Jael"]
[Black "Stokes, Michael"]
[Result "0-1"]
[ECO "C50"]
[WhiteElo "1841"]
[BlackElo "2071"]
[Annotator "NA"]
[PlyCount "40"]
[EventDate "2022.01.21"]
[EventType "swiss"]
[EventCountry "ENG"]
[SourceTitle "playchess.com"]
[Source "ChessBase"]
[SourceQuality "1"]
[TimeControl "5400+30"]

1. e4 e5 2. Nf3 Nc6 3. Bc4 Bc5 4. d3 Nf6 5. a4 d6 6. h3 O-O 7. O-O Be6 8. Nbd2 Qd7 9. c3 a6 10. b4 Bxc4 11. Nxc4 Ba7 12. Bg5 Qe6 13. b5 Ne7 14. Bxf6 Qxf6 15. d4 Ng6 (15... Qe6 $142 16. Ncd2 axb5) 16. g3 ({White should play} 16. bxa6 $11 bxa6 17. Ne3) 16... Qe6 17. Qd3 Qxh3 18. dxe5 $2 (18. Rab1 $15) 18... Qxg3+ 19. Kh1 Qh3+ $19 20. Kg1 Nf4 0-1

[Event "27th 4NCL Congress Open 2022"]
[Site "Harrogate"]
[Date "2022.01.23"]
[Round "4.8"]
[White "Ther, Mate"]
[Black "Onslow, Alfie"]
[Result "0-1"]
[ECO "B12"]
[WhiteElo "2031"]
[BlackElo "2038"]
[Annotator "RC"]
[PlyCount "72"]
[EventDate "2022.01.21"]
[EventType "swiss"]
[EventCountry "ENG"]
[SourceTitle "playchess.com"]
[Source "ChessBase"]
[SourceQuality "1"]
[TimeControl "5400+30"]

1. e4 c6 2. d4 d5 3. e5 Bf5 4. Nc3 e6 5. g4 Bg6 6. Nge2 c5 7. h4 h5 8. Nf4 Bh7 9. Nxh5 cxd4 10. Nb5 Nc6 11. Nxd4 Nge7 12. Bb5 Qc7 13. Bxc6+ Nxc6 14. Nxc6 Qxc6 15. Bg5 Bxc2 16. Qd2 Qc4 17. Rh3 Bb4 18. Rc3 Qe4+ 19. Kf1 Bxc3 20. Qxc3 Bd3+ 21. Kg1 O-O 22. Nf4 Ba6 23. Re1 Rac8 24. Qd2 Rc2 25. Qd1 Qc4 26. Qf3 Rc1 27. Rxc1 Qxc1+ 28. Kh2 Qe1 29. Nh5 Qxe5+ 30. Bf4 Qe4 31. Qg3 Rc8 32. Bh6 Be2 33. Bxg7 Qf3 34. Qg1 Rc1 35. Qg2 Qxg2+ 36. Kxg2 f5 0-1

[Event "27th 4NCL Congress Open 2022"]
[Site "Harrogate"]
[Date "2022.01.23"]
[Round "4.18"]
[White "Coates, Sam"]
[Black "May, Paul"]
[Result "0-1"]
[ECO "A21"]
[WhiteElo "1689"]
[BlackElo "1735"]
[Annotator "NA RC"]
[PlyCount "58"]
[EventDate "2022.01.21"]
[EventType "swiss"]
[EventCountry "ENG"]
[SourceTitle "playchess.com"]
[Source "ChessBase"]
[SourceQuality "1"]
[TimeControl "5400+30"]

1. c4 g6 2. Nc3 Bg7 3. g3 e5 4. Bg2 f5 5. e4 Nh6 6. d3 O-O 7. Nge2 Nc6 8. h3 d6 9. O-O f4 10. gxf4 exf4 11. Bxf4 g5 12. Bg3 g4 13. Nf4 Nd4 14. hxg4 Nxg4 15. Nce2 Qg5 16. Nh3 Qh6 17. Nxd4 Bxd4 18. Qe2 Ne5 19. Bxe5 dxe5 20. Kh2 Rf4 21. Qd2 Qh5 22. Qd1 Bg4 23. f3 Bd7 24. Qe1 Kh8 25. Rh1 Rg8 26. Qf1 Bxh3 27. Bxh3 Rxf3 28. Rc1 Rxf1 29. Rcxf1 Qe2+ 0-1

[Event "27th 4NCL Congress Open 2022"]
[Site "Harrogate"]
[Date "2022.01.23"]
[Round "4.20"]
[White "Wynarczyk, Raymond"]
[Black "Fathallah, Joe"]
[Result "0-1"]
[ECO "C14"]
[WhiteElo "1752"]
[BlackElo "1882"]
[Annotator "NA RC"]
[PlyCount "104"]
[EventDate "2022.01.21"]
[EventType "swiss"]
[EventCountry "ENG"]
[SourceTitle "playchess.com"]
[Source "ChessBase"]
[SourceQuality "1"]
[TimeControl "5400+30"]

1. e4 e6 2. d4 d5 3. Nc3 Nf6 4. Bg5 Be7 5. e5 Nfd7 6. h4 a6 7. Qg4 Bxg5 8. hxg5 c5 $1 9. g6 ({White should try} 9. dxc5 $14 Nxe5 10. Qg3) 9... f5 10. exf6 Nxf6 11. Qf4 h6 (11... cxd4 $1 $15 12. Qxd4 (12. Rxh7 Rf8 $11) 12... Nc6) 12. dxc5 Nc6 13. Nf3 Qe7 14. Qd6 (14. O-O-O $14) 14... Qxd6 $1 15. cxd6 e5 {[%emt 0:01:53] [#]} ({Black should try} 15... Kd7 $11) 16. Ng5 $1 Bf5 17. O-O-O d4 18. Na4 b5 (18... Rf8 $11 19. Nb6 Rb8) 19. Nc5 Rg8 20. Nge6 Bxe6 21. Nxe6 Kd7 22. Nc5+ $1 Kxd6 23. Nb3 Rac8 24. Kb1 $15 (24. f4 $1 $11) 24... Rgd8 25. f4 exf4 26. Nxd4 Nxd4 27. Rxd4+ Ke5 28. Rxd8 Rxd8 29. Bd3 Kd4 30. Bxb5 Ke3 31. Bxa6 Kf2 32. Bb7 Nd5 33. c4 Ne3 34. c5 Rd7 35. Be4 Nxg2 36. Rh2 f3 37. c6 Re7 38. Bd5 Kg1 39. Bxf3 Kxh2 40. b4 Ne3 41. a4 Nc4 42. Kc2 Kg3 43. Bh5 Kh4 44. Kc3 Nb6 45. Bd1 Kg5 46. a5 Nd5+ 47. Kb3 h5 48. b5 h4 49. b6 h3 50. b7 h2 51. b8=Q h1=Q 52. Qg3+ Kh6 0-1

[Event "27th 4NCL Congress Open 2022"]
[Site "Harrogate"]
[Date "2022.01.23"]
[Round "4.21"]
[White "Sheppard, Derek Alan"]
[Black "Brencher, Paul"]
[Result "0-1"]
[ECO "A41"]
[WhiteElo "1692"]
[BlackElo "1875"]
[Annotator "NA RC"]
[PlyCount "48"]
[EventDate "2022.01.21"]
[EventType "swiss"]
[EventCountry "ENG"]
[SourceTitle "playchess.com"]
[Source "ChessBase"]
[SourceQuality "1"]
[TimeControl "5400+30"]

1. d4 d6 2. Bf4 g6 3. Nf3 Bg7 4. e3 Nd7 5. h3 e5 6. Bh2 Qe7 7. Be2 Nh6 8. O-O O-O 9. c3 e4 10. Ne1 b6 11. Nc2 Nf5 12. a4 Bb7 (12... a5 $11) 13. Nba3 (13. a5 $1 $14) 13... a6 14. Nc4 (14. b4 $11 {deserves consideration.}) 14... Nh4 15. b4 $1 g5 16. Kh1 f5 17. Qd2 $19 ({White should try} 17. Bg3 $15) 17... f4 18. g3 Ng6 19. Bh5 Qe6 20. Bg4 Qxc4 21. Bxd7 h5 22. Na3 Qf7 23. Qa2 d5 24. Qe2 f3 0-1

[Event "27th 4NCL Congress Open 2022"]
[Site "Harrogate"]
[Date "2022.01.23"]
[Round "4.23"]
[White "Varley, Joe"]
[Black "Miller, George"]
[Result "1-0"]
[ECO "C10"]
[WhiteElo "1832"]
[BlackElo "1796"]
[Annotator "NA RC"]
[PlyCount "75"]
[EventDate "2022.01.21"]
[EventType "swiss"]
[EventCountry "ENG"]
[SourceTitle "playchess.com"]
[Source "ChessBase"]
[SourceQuality "1"]
[TimeControl "5400+30"]

1. e4 e6 2. d4 d5 3. Nd2 dxe4 4. Nxe4 Bd7 5. Bd3 Bc6 6. Nf3 Nd7 7. c3 Ngf6 8. Nxf6+ Nxf6 9. O-O Bxf3 10. Qxf3 ({Much worse is} 10. gxf3 Qd5 $11) 10... c6 11. Re1 Bd6 12. Bg5 h6 13. Bd2 Qc7 14. h3 O-O {[%emt 0:01:11] [#]} (14... Qe7 $14) 15. Bxh6 $1 Nd5 $2 {[%emt 0:01:35] [#]} (15... Qa5 $16 {is tougher.} 16. Bd2 Qd5 17. Qxd5 Nxd5) 16. Bd2 $2 ({And not} 16. Qg4 f5 17. Qh5 (17. Qg6 $2 Rf6 $19) 17... gxh6 18. Qg6+ Kh8 19. Qxh6+ Qh7 20. Rxe6 Bc7 $11) (16. Bxg7 $1 $18 {[%mdl 512] and the rest is easy.} Rfe8 17. Be5 Bxe5 18. Rxe5) 16... Nf4 (16... Bf4 $16 {was necessary.}) 17. Bc2 g6 18. Re4 Nh5 19. Bh6 Qe7 20. Bxf8 Kxf8 21. Rae1 Kg7 22. a3 Rh8 23. c4 Nf6 24. R4e2 Bb8 25. Kf1 Qd6 26. Rd2 Rh4 27. Qg3 $16 ({White should play} 27. g4 $18) 27... Rf4 28. Qd3 Rf5 29. g3 Nh5 30. Kg1 Rg5 31. Re5 f5 32. Qe3 f4 33. Qe4 Nxg3 34. fxg3 Qe7 35. Rxe6 Rxg3+ 36. Rg2 Rxg2+ 37. Kxg2 Qg5+ 38. Kh1 1-0

[Event "27th 4NCL Congress Open 2022"]
[Site "Harrogate"]
[Date "2022.01.23"]
[Round "5.19"]
[White "De Sousa Muachikape, Jael"]
[Black "Coates, Sam"]
[Result "0-1"]
[ECO "D37"]
[WhiteElo "1841"]
[BlackElo "1689"]
[Annotator "NA RC"]
[PlyCount "108"]
[EventDate "2022.01.21"]
[EventType "swiss"]
[EventCountry "ENG"]
[SourceTitle "playchess.com"]
[Source "ChessBase"]
[SourceQuality "1"]
[TimeControl "5400+30"]

1. d4 d5 2. c4 e6 3. Nc3 Nf6 4. Nf3 Nbd7 5. Bf4 dxc4 6. e3 Nb6 7. Ne5 Be7 8. Nxc4 O-O 9. Bd3 Nxc4 10. Bxc4 a6 11. a4 c5 12. dxc5 Bxc5 13. Qc2 Qe7 14. h3 h6 15. Be5 Bd7 16. Ba2 Bc6 17. O-O Ba7 18. Bb1 g6 19. Rd1 Rfd8 20. Ba2 {[%emt 0:00:19] [#]} (20. Qb3 $11 {keeps the balance.}) 20... Rac8 ({Better is} 20... Nh5 $1 $17 21. Ne4 Qh4) 21. Rxd8+ Rxd8 22. Rd1 Bb6 23. b4 Nd7 ({Better is} 23... Rxd1+ $11 24. Qxd1 Nd7) 24. Bd6 (24. Bf4 $1 $14 {is superior.} Rc8 25. Qb2 (25. Bxh6 Kh7 $11)) 24... Qg5 25. e4 Ne5 26. Qe2 (26. Kh1 $15) 26... h5 ({Black should play} 26... Qg3 $19 27. b5 Qxc3 28. Bxe5 Rxd1+ 29. Qxd1 Qxe5 30. bxc6 Qb2 31. cxb7 Bxf2+ 32. Kh1 Qxb7) 27. Bb3 Kh7 28. b5 axb5 29. axb5 Be8 30. h4 Qf6 31. Na4 {[%emt 0:00:10] [#]} Ba5 ({Don't go for} 31... Bxb5 $2 32. Bxe5 Rxd1+ 33. Bxd1 $17) (31... Rxd6 $142 $1 32. Rxd6 {[#]} Bxb5 $1) 32. Nc5 {[%emt 0:05:12] [#]} b6 $2 ({Black should play} 32... Rxd6 $1 $19 33. Rxd6 Bb4 34. Nxb7 Ng4) 33. Nb7 Ra8 34. Rc1 Ng4 35. Bg3 $1 ({Don't play} 35. Nxa5 Rxa5 36. Bg3 Rxb5 $15) 35... Bc3 36. Nd6 Be5 37. Nxe8 Rxe8 38. Qf3 (38. Bxe5 $142 Qxe5 39. g3) 38... Qe7 ({Better is} 38... Bxg3 $19 39. Qxf6 Nxf6 40. fxg3 Nxe4) 39. Bxe5 $1 Nxe5 40. Qc3 Qf6 41. f4 Qxf4 42. Rf1 Qxe4 43. Re1 Qd3 44. Qxe5 Qxb3 45. Rf1 Kg8 46. Rf3 Qd1+ 47. Kh2 Rd8 48. Qf6 Qd6+ 49. Kh3 Qd7 50. Rg3 e5+ 51. Kh2 Qd6 52. Qg5 $2 (52. Rf3 e4+ 53. Qxd6 Rxd6 54. Rf2) 52... Kh7 (52... e4 $142 53. Qc1 Qe5) 53. Rf3 $19 e4+ 54. Rf4 f5 0-1

[Event "27th 4NCL Congress Open 2022"]
[Site "Harrogate"]
[Date "2022.01.23"]
[Round "5.20"]
[White "Faulkner, Martin J"]
[Black "Wynarczyk, Raymond"]
[Result "1-0"]
[ECO "D35"]
[WhiteElo "1833"]
[BlackElo "1752"]
[Annotator "NA RC"]
[PlyCount "95"]
[EventDate "2022.01.21"]
[EventType "swiss"]
[EventCountry "ENG"]
[SourceTitle "playchess.com"]
[Source "ChessBase"]
[SourceQuality "1"]
[TimeControl "5400+30"]

1. c4 e6 2. Nc3 d5 3. d4 Nf6 4. cxd5 exd5 5. Bg5 Bb4 6. a3 Bxc3+ 7. bxc3 Qd6 8. e3 O-O 9. Bd3 Re8 (9... h6 $11 {keeps the balance.} 10. Bf4 Qc6) 10. Bxf6 Qxf6 11. Qh5 g6 12. Qxd5 c6 13. Qf3 Qd6 14. Ne2 Nd7 15. Bc4 (15. e4 $18) 15... Nf6 16. h3 Bf5 17. O-O Ne4 18. Rfd1 Rad8 19. Bd3 Ng5 20. Qf4 Bxd3 21. Rxd3 Ne6 22. Qxd6 Rxd6 23. Rdd1 Red8 24. Rdb1 b6 25. a4 f5 26. g3 Ng5 27. Kg2 Ne4 28. Rb2 Rd5 29. c4 Ra5 30. f3 Nd6 31. Rc2 b5 32. cxb5 cxb5 33. Rc5 ({White should play} 33. Kf2 $16) 33... Rb8 $2 (33... Rxa4 $11 {and Black stays safe.} 34. Rxa4 bxa4) 34. Nc3 Ra6 35. a5 Nc4 36. e4 Ne3+ 37. Kf2 Nc2 38. Rd1 Rxa5 (38... b4 {was worth a try.}) 39. d5 Rd8 40. e5 Ra6 41. Rxb5 Ra3 $18 42. Rc5 Nb4 43. e6 Na6 44. Rc6 Nb8 45. Rc7 Ra6 46. Nb5 Ra5 47. e7 Re8 48. Nd6 1-0

[Event "27th 4NCL Congress Open 2022"]
[Site "Harrogate"]
[Date "2022.01.23"]
[Round "5.21"]
[White "Lampard, Alice"]
[Black "Sheppard, Derek Alan"]
[Result "1/2-1/2"]
[ECO "E33"]
[WhiteElo "1754"]
[BlackElo "1692"]
[Annotator "NA RC"]
[PlyCount "34"]
[EventDate "2022.01.21"]
[EventType "swiss"]
[EventCountry "ENG"]
[SourceTitle "playchess.com"]
[Source "ChessBase"]
[SourceQuality "1"]
[TimeControl "5400+30"]

1. d4 Nf6 2. c4 e6 3. Nc3 Bb4 4. Qc2 Nc6 5. Nf3 O-O 6. e4 Bxc3+ 7. bxc3 d6 8. Be2 e5 9. d5 Nb8 10. h3 a5 11. a4 Na6 12. Be3 b6 13. O-O Bd7 14. Nd2 Nc5 15. Bxc5 bxc5 16. Rfb1 Ne8 17. Nf1 f5 1/2-1/2